 Dungeon Sprint DCSS version 0.31-a0-437-g7cee417757 (console) character file.

Game seed: 17057357877109505157

1142 Lexodia the Unseen (level 8, -11/36 HPs)
             Began as a Felid Enchanter on Aug 2, 2023.
             Was a Priest of Wu Jian.
             Mangled by a demonic crawler (17 damage)
             ... in the Dungeon (Sprint I: "Red Sonja").
             The game lasted 00:04:30 (290 turns).

Lexodia the Unseen (Felid Enchanter)                 Turns: 290, Time: 00:04:31

Health: -11/36     AC:  2    Str:  4    XL:     8   Next: 15%
Magic:  10/15      EV: 21    Int: 16    God:    Wu Jian [***...]
Gold:   540        SH:  0    Dex: 21    Spells: 4/15 levels left
                                        Lives:  0   Deaths: 2

rFire   . .          .
                       - Unarmed
rCold   . . .        (shield unavailable)
rNeg    . . .        (body armour unavailable)
rPois   .            (helmet unavailable)
rElec   .            (cloak unavailable)
rCorr   .            (gloves unavailable)
SInv    +            (boots unavailable)
Will    +....        (no amulet)
Stlth   +++++++      (no ring)
HPRegen 0.26/turn    (no ring)
MPRegen 0.14/turn

%: no teleportation
@: quick
A: very small, claws 1, fangs 3, see invisible, speed 1, shaggy fur 2, stealthy
paws, no weapons or thrown items, no armour, multi-lived
a: Renounce Religion, Wall Jump, Serpent's Lash


You were in the Dungeon.
You worshipped Wu Jian.
Wu Jian was most pleased with you.
You visited 1 branch You collected 540 gold pieces.

Inventory:

Wands
 f - a wand of iceblast (13) (quivered)
Scrolls
 g - a scroll of blinking
Potions
 c - a potion of heal wounds
 e - 2 potions of magic


   Skills:
 - Level 4.0 Fighting
 - Level 6.0 Dodging
 + Level 16.5 Stealth
 + Level 11.2 Unarmed Combat
 - Level 4.0 Spellcasting
 + Level 16.2 Hexes
 - Level 8.0 Ice Magic


You had 4 spell levels left.
You knew the following spells:

 Your Spells              Type           Power      Damage    Failure   Level
a - Ensorcelled Hibernat  Hex/Ice        82%        N/A       1%          2
b - Confusing Touch       Hex            53%        N/A       1%          3
c - Tukima's Dance        Hex            53%        N/A       1%          3
d - Dazzling Flash        Conj/Hex       58%        N/A       1%          3

Your spell library contained the following spells:

 Spells                   Type           Power      Damage    Failure   Level


Dungeon Overview and Level Annotations

Branches:
Dungeon (1/1)

Altars:
Cheibriados
Dithmenos
Elyvilon
Fedhas
Gozag
Hepliaklqana
Kikubaaqudgha
Makhleb
Nemelex Xobeh
Okawaru
Qazlal
Ru
Sif Muna
Trog
Uskayaw
Vehumet
Wu Jian
Xom
Yredelemnul
Zin
The Shining One
Jiyva
Lugonu

Shops:
D [


Innate Abilities, Weirdness & Mutations

You have sharp claws.
You have razor-sharp teeth.
You have supernaturally acute eyesight. (SInv)
You cover ground quickly. (Speed+)
You are covered in thick fur. (AC +2)
Your paws help you pounce on unaware monsters.
You are incapable of wielding weapons or throwing items.
You cannot wear armour.
You gain extra lives every three experience levels.


Message History

The lorocyproca hits you!!
Ouch! That really hurt!
You die...
You are now level 8!
You rejoin the land of the living...
The demonic crawler gives a hideous shriek!
There is an open door here.
Casting: Confusing Touch (safe; 1% risk of failure)
Confirm with . or Enter, or press ? or * to list all spells.
Aiming: Ensorcelled Hibernation (safe; 1% risk of failure)
Press: ? - help, Shift-Dir - straight line, f - demonic crawler
Aim: a demonic crawler (chance to affect: 32%)
Okay, then.
Casting: Ensorcelled Hibernation (safe; 1% risk of failure)
Confirm with . or Enter, or press ? or * to list all spells.
Aiming: Ensorcelled Hibernation (safe; 1% risk of failure)
Press: ? - help, Shift-Dir - straight line, f - demonic crawler
Aim: a demonic crawler (chance to affect: 32%)
The demonic crawler easily resists.
The demonic crawler completely misses you.
The demonic crawler misses you. The demonic crawler barely misses you.
The demonic crawler hits you. The demonic crawler closely misses you.
The demonic crawler completely misses you.
Damage: -16%(-6hp) hp: 84%(30hp)
Casting: Ensorcelled Hibernation (safe; 1% risk of failure)
Confirm with . or Enter, or press ? or * to list all spells.
Aiming: Ensorcelled Hibernation (safe; 1% risk of failure)
Press: ? - help, Shift-Dir - straight line, f/p - demonic crawler
Aim: a demonic crawler (chance to affect: 32%)
The demonic crawler easily resists.
The demonic crawler hits you! x2
* * * LOW HITPOINT WARNING * * *
The demonic crawler misses you.
Huge Dmg: -67%(-24hp) hp: 17%(6hp)
Casting: Ensorcelled Hibernation (safe; 1% risk of failure)
Confirm with . or Enter, or press ? or * to list all spells.
Aiming: Ensorcelled Hibernation (safe; 1% risk of failure)
Press: ? - help, Shift-Dir - straight line, f/p - demonic crawler
Aim: a demonic crawler (chance to affect: 32%)
The demonic crawler easily resists.
The demonic crawler hits you!
You die...

###################
#__#..'..)#†$#§§§§+
'..'..#...##2#§####
#__####).†'†.#.# ##
####
#####§§'§#+#$### #
##'####..$#y# +
#..○..#..$### #
#.○°☼○'s.$$$# #
###○°.#@....#
#○○.###++## #..##
#°.# ##+#


You could see a demonic crawler and a meliai.

Vanquished Creatures
  2 demonic crawlers (D)
  A lindwurm (D)
  A gargoyle (D)
  2 kobold demonologists (D)
  A slime creature (D)
  Sigmund (D)
  A yak (D)
  A floating eye (D)
  An ogre (D)
  A jelly (D)
  Ijyb (D)
13 creatures vanquished.

Notes
Turn   | Place    | Note
-------+----------+-------------------------------------------
     0 | D        | Lexodia the Felid Enchanter began the quest for the Orb.
     0 | D        | Reached XP level 1. HP: 7/7 MP: 4/4
     1 | D        | Noticed Ijyb
     7 | D        | Noticed an ogre
    12 | D        | Killed Ijyb
    13 | D        | Reached skill level 5 in Stealth
    13 | D        | Reached skill level 5 in Hexes
    13 | D        | Reached XP level 2. HP: 13/13 MP: 4/6
    16 | D        | Killed an ogre
    17 | D        | Reached skill level 5 in Dodging
    17 | D        | Reached XP level 3. HP: 17/17 MP: 5/9
    17 | D        | Reached XP level 4. HP: 21/21 MP: 5/10
    21 | D        | Huge Dmg: 8 dmg
    49 | D        | Noticed Sigmund
    53 | D        | Huge Dmg: 4 dmg
    54 | D        | Huge Dmg: 6 dmg
    59 | D        | Killed Sigmund
    60 | D        | Reached skill level 5 in Unarmed Combat
    60 | D        | Reached XP level 5. HP: 18/25 MP: 10/12
    65 | D        | Learned a level 2 spell: Ensorcelled Hibernation
    69 | D        | Learned a level 3 spell: Confusing Touch
    73 | D        | Learned a level 3 spell: Tukima's Dance
    77 | D        | Learned a level 3 spell: Dazzling Flash
    98 | D        | Found an ornate altar of the Wu Jian Council.
    98 | D        | Found a shimmering blue altar of Sif Muna.
   100 | D        | Found a radiant altar of Vehumet.
   103 | D        | Became a worshipper of the Wu Jian Council
   106 | D        | Reached skill level 10 in Stealth
   106 | D        | Gained mutation: You are covered in thick fur. (AC +2)
                  | [Felid growth]
   106 | D        | Reached XP level 6. HP: 28/28 MP: 10/13
   122 | D        | Found Nuabytak's Antique Armour Emporium.
   122 | D        | Found an ancient bone altar of Kikubaaqudgha.
   122 | D        | Found a hazy altar of Hepliaklqana.
   122 | D        | Found a hide-covered altar of Uskayaw.
   122 | D        | Found a basalt altar of Yredelemnul.
   122 | D        | Found an opulent altar of Gozag.
   122 | D        | Found a snail-covered altar of Cheibriados.
   122 | D        | Found a sacrificial altar of Ru.
   122 | D        | Found a shadowy altar of Dithmenos.
   122 | D        | Noticed a yak
   126 | D        | Killed a yak
   127 | D        | Found a stormy altar of Qazlal.
   127 | D        | Found a blossoming altar of Fedhas.
   127 | D        | Found a bloodstained altar of Trog.
   127 | D        | Found an iron altar of Okawaru.
   127 | D        | Found a glowing golden altar of the Shining One.
   127 | D        | Found a glowing silver altar of Zin.
   127 | D        | Found a white marble altar of Elyvilon.
   128 | D        | Found a sparkling altar of Nemelex Xobeh.
   191 | D        | Found a burning altar of Makhleb.
   191 | D        | Found a viscous altar of Jiyva.
   191 | D        | Found a shimmering altar of Xom.
   191 | D        | Found a corrupted altar of Lugonu.
   191 | D        | Noticed a slime creature
   193 | D        | Killed a slime creature
   193 | D        | Reached * piety under Wu Jian
   194 | D        | Reached XP level 7. HP: 32/32 MP: 14/14
   205 | D        | Noticed a kobold demonologist
   206 | D        | Noticed a kobold demonologist
   208 | D        | Killed a kobold demonologist
   210 | D        | Killed a kobold demonologist
   210 | D        | Reached ** piety under Wu Jian
   211 | D        | Reached skill level 5 in Ice Magic
   211 | D        | Reached XP level 8. HP: 36/36 MP: 15/15
   214 | D        | Noticed a demonic crawler
   214 | D        | Noticed a demonic crawler
   214 | D        | Noticed a demonic crawler
   214 | D        | Noticed a demonic crawler
   215 | D        | Killed a demonic crawler
   220 | D        | Huge Dmg: 7 dmg
   221 | D        | Mangled by a demonic crawler
   222 | D        | Reached XP level 7. HP: -6/32 MP: 14/14
   224 | D        | Noticed a lindwurm
   225 | D        | Killed a lindwurm
   226 | D        | Reached skill level 15 in Stealth
   226 | D        | Reached skill level 10 in Unarmed Combat
   226 | D        | Reached skill level 15 in Hexes
   226 | D        | Reached XP level 8. HP: 36/36 MP: 15/15
   240 | D        | Killed a demonic crawler
   240 | D        | Reached *** piety under Wu Jian
   244 | D        | Noticed a gargoyle
   247 | D        | Killed a gargoyle
   248 | D        | Reached XP level 9. HP: 39/39 MP: 13/16
   252 | D        | Noticed a meliai
   254 | D        | Noticed a lorocyproca
   281 | D        | Huge Dmg: 7 dmg
   285 | D        | Mangled by a lorocyproca
   286 | D        | Reached XP level 8. HP: -6/36 MP: 0/15
   290 | D        | Huge Dmg: 24 dmg
   290 | D        | Mangled by a demonic crawler

Illustrated notes

Levels and vault maps discovered:
D:        dungeon_sprint_1 [red_sonja_temple_1, red_sonja_temple_small_1]

Skill      XL: |  1  2  3  4  5  6  7  8 |
---------------+-------------------------+-----
Fighting       | 2 3 4 |  4.0
Dodging        | 4 5 6 |  6.0
Stealth        | 5 6 9 10 12 15 16 | 16.5
Unarmed Combat | 2 3 5 7 10 11 | 11.2
Hexes          | 5 6 9 11 15 16 | 16.2
Spellcasting   | 3 4 |  4.0
Ice Magic      | 2 5 8 |  8.0

Action                     |  1- 3 |  4- 6 |  7- 9 || total
---------------------------+-------+-------+-------++-------
  Melee: Unarmed           |     9 |    10 |    14 ||    33
         Bite              |       |     1 |     1 ||     2
         Punch             |       |       |     1 ||     1
   Cast: Ensorcelled Hiber |       |     4 |     4 ||     8
         Confusing Touch   |       |       |     1 ||     1
Ability: Lunge             |       |     1 |     4 ||     5
         Whirlwind         |       |       |     1 ||     1
    Use: Potion            |     2 |     1 |     4 ||     7
   Stab: Invisible         |     4 |       |       ||     4
         Sleeping          |       |     3 |     7 ||    10
  Dodge: Dodged            |     2 |     6 |    30 ||    38

Table legend: (Time is in decaauts)
 A = Elapsed time spent in this place.
 B = Non-inter-level travel time spent in this place.
 C = Inter-level travel time spent in this place.
 D = Time resting spent in this place.
 E = Time spent auto-exploring this place.
 F = Levels seen in this place.
 G = Mean time per level.
                   A        B        C        D        E       F      G
               +--------+--------+--------+--------+--------+-----+--------+
         Total |    261 |    261 |      0 |     42 |     58 |   1 |  261.0 |
       Dungeon |    261 |    261 |      0 |     42 |     58 |   1 |  261.0 |
               +--------+--------+--------+--------+--------+-----+--------+

Top non-repeatable levels by time:
       D: 261 daAuts
